 Dungeon Crawl Stone Soup version 0.21.1-1-g345015f (webtiles) character file.

37 Lilu the Conjurer (level 3, 0/19 HPs)
             Began as a Deep Elf Conjurer on July 22, 2018.
             Slain by a goblin (2 damage)
             ... led by Robin
             ... on level 2 of the Dungeon.
             The game lasted 00:11:03 (2314 turns).

Lilu the Conjurer (Deep Elf Conjurer)               Turns: 2314, Time: 00:11:04

Health: 0/19       AC:  2    Str:  6    XL:     3   Next: 23%
Magic:  6/9        EV: 13    Int: 19    God:
Gold:   75         SH:  0    Dex: 15    Spells: 5/8 levels left

rFire    . . .     SeeInvis .   h - -2 dagger (curse)
rCold    . . .     Gourm    .   (no shield)
rNeg     . . .     Faith    .   a - +0 robe
rPois    .         Spirit   .   (no helmet)
rElec    .         Reflect  .   (no cloak)
rCorr    .         Harm     .   (no gloves)
MR       .....                  (no boots)
Stlth    ++........             (no amulet)
HPRegen  0.06/turn              (no ring)
MPRegen  0.11/turn              (no ring)

@: no status effects
A: no striking features
a: no special abilities


You were on level 2 of the Dungeon.
You were not hungry.

You visited 1 branch of the dungeon, and saw 3 of its levels.

You collected 75 gold pieces.

Inventory:

Hand Weapons
 d - a +0 hand axe
 h - a cursed -2 dagger (weapon)
 p - a cursed -3 hunting sling
Missiles
 e - 24 sling bullets
 f - 3 javelins
 g - 44 stones (quivered)
 j - 26 bolts
 m - 2 throwing nets
 o - 50 arrows
 s - 15 poisoned needles
Armour
 a - a +0 robe (worn)
Scrolls
 k - a scroll of noise {unknown}
 l - a scroll of amnesia {unknown}
 n - 4 scrolls of remove curse {unknown}
 q - a scroll of magic mapping {unknown}
 r - a scroll of identify {unknown}
Potions
 i - a potion of lignification {unknown}
 t - a potion of curing {unknown}
 u - a potion of heal wounds {unknown}
 w - a potion of resistance {unknown}
Books
 b - a book of Conjurations

   Spells                             Type                      Level
   a - Magic Dart                     Conjuration                  1
   b - Searing Ray                    Conjuration                  2
   c - Dazzling Spray                 Conjuration/Hexes            3
   d - Fulminant Prism                Conjuration/Hexes            4
   e - Force Lance                    Conjuration/Translocation    4
   f - Iskenderun's Mystic Blast      Conjuration                  4
Comestibles
 c - 3 rations


   Skills:
 - Level 2.4 Dodging
 - Level 2.4 Stealth
 - Level 3.0 Spellcasting
 + Level 5.6 Conjurations


You had 5 spell levels left.
You knew the following spells:

 Your Spells              Type           Power        Failure   Level  Hunger
a - Magic Dart            Conj           ###.         1%          1    None
b - Searing Ray           Conj           ###...       2%          2    ##.....


Dungeon Overview and Level Annotations

Branches:
Dungeon (3/15)

Altars:
Dithmenos
Fedhas

Annotations:
D:2 Terence
D:3 Robin


Message History

Confirm with . or Enter, or press ? or * to list all spells.
Aiming: Magic Dart
Press: ? - help, Shift-Dir - straight line, f/p - goblin
Aim: a goblin (severely wounded, unusually strong)
The magic dart hits the goblin.
You kill the goblin!
A goblin comes into view. It is wielding a club.
Robin throws the goblin at you!
* * * LOW HITPOINT WARNING * * *
The goblin hits you with a club.
* * * LOW HITPOINT WARNING * * *
The goblin completely misses you.
There is a stone staircase leading up here.
The goblin closely misses you.
You climb upwards.
Level annotation: Terence
There is a stone staircase leading down here.
The goblin no longer looks unusually strong.
The goblin hits you.
You die...

#..# #.####.##### #..#
#...........
#..###########..#...####.
#...............#.### #.
#.#####.######.....# #.
#. #.# #.##..# #.
#.#####<######.##..# #.
#............>.##<.# #.
#######.@#####@##..# #.
#.g# #.##..# ###.
#..#####.##..# #...
#..@.@...##..# #.##
##.########..###.## #.#
#####........ #.#
#......###.## #.#
##..♣....##.##
#.###..♣_♣.#......


You could see Terence and a goblin.

Vanquished Creatures
  An adder (D:2)
  A dart slug (D:2)
  2 giant cockroaches
  4 goblins
  5 hobgoblins
  4 kobolds
  A ball python (D:1)
  2 bats
  3 frilled lizards (D:1)
  3 rats (D:1)
26 creatures vanquished.

Notes
Turn   | Place    | Note
-------+----------+-------------------------------------------
     0 | D:1      | Lilu the Deep Elf Conjurer began the quest for the Orb.
     0 | D:1      | Reached XP level 1. HP: 10/10 MP: 6/6
   178 | D:1      | Reached XP level 2. HP: 15/15 MP: 6/8
   184 | D:1      | Reached skill level 5 in Conjurations
   982 | D:2      | Noticed Terence
  1086 | D:1      | Reached XP level 3. HP: 4/19 MP: 4/9
  1655 | D:1      | Learned a level 2 spell: Searing Ray
  1761 | D:2      | Found a faded altar of an unknown god.
  1823 | D:2      | Found a blossoming altar of Fedhas.
  2290 | D:3      | Found a shadowy altar of Dithmenos.
  2290 | D:3      | Noticed Robin
  2314 | D:2      | Slain by a goblin

Skill      XL: |  1  2 |
---------------+-------+-----
Conjurations   | 5 |  5.6
Dodging        | |  2.4
Stealth        | |  2.4
Spellcasting   | |  3.0

Action                   || total
-------------------------++-------
 Cast: Magic Dart        ||    60
       Searing Ray       ||     1
  Eat: Ration            ||     1
       Chunk             ||     1
Armor: Robe              ||     1
Dodge: Dodged            ||    18
